woodfighter, neutral female human Wizard ----- --------- |<..--- ------.......-- ------- --------------- |.....---|.........--..| |.[)..| ------- |.............| --..|....|.---------|..| |.I_..| |>...(| --.---+--.----.| --.|-)....---- ---- |..(..| ------ --....|--- |..| ..|-.|.-.%| --|.........|--- ----- --`+--- |....| ---..|..---|..|--.-..--|..| ----.|....|..----...-- |.| |.)|.| ---.-.....-.--........--.| -----..|....|.....---- |.| |..|.|-----......--........[.......| ------ |..|.............---.-- ---|....||.......-|..--------|--..-- |%.%%| --......---...........----- |.|..||...{....|--|.....?..(|..-- |....| |........|...|...........---|.|..|--.......| |.**.!...%|...| ---|-- ----....-------...- -......-|.|------...%--| -----------...| ------.---.. |...-|..|..|-...|..---...|.--..|...|....|------ |.......-- |..|-.........|..--|..|..|--.... -....|..[..[..---...-|((((| |.------- |..-...............-|---.-----..--..........--....|-...-.((.| |.|...-. -----.....{....----.%.............|...*.......|-...|...-|..((| |.|...| |..............-- |-.--.---------.........--..|........|------ |.--|------- |.-----.........| |...|.|.(((| --.......-----|...|....|--------.....|...(| |...| --..------- |...|.-.]((| ---.I.--- --..|...--......|...{.....-.| |...| ---- ------|.(((| ---- -----.....----........|..|(| ----- ------ ------- --------------- woodfighter the Magician Experience level: 10 Strength: 16 Dexterity: 10 Constitution: 17 Intelligence: 19 Wisdom: 19 Charisma: 9 Health: 0(76) Energy: 28(121) Def: 8 Gold: 0 Moves: 13969 Dungeon seed: im3mcXX0sCNoJTUY Game ID: woodfighter_1446932651 Your Inventory: Amulets u - an uncursed amulet versus poison (being worn) Weapons a - a blessed +1 quarterstaff (weapon in hands) Armor e - an uncursed greased +0 cloak of magic resistance (being worn) y - an uncursed +0 pair of elven boots (being worn) z - an uncursed +0 studded leather armor (being worn) N - a blessed +2 pair of leather gloves (being worn) Comestibles f - 2 uncursed tins of large kobold meat j - 5 uncursed food rations v - 3 uncursed sprigs of wolfsbane G - an uncursed tripe ration S - an uncursed partly eaten cram ration U - an uncursed fortune cookie W - an uncursed C-ration X - an uncursed cream pie Z - 2 uncursed lizard corpses Scrolls q - an uncursed scroll of teleportation Wands g - a wand of sleep (0:5) B - a wand of magic missile (0:7) K - a blessed wand of fire (0:5) Tools c - an uncursed lock pick d - a +0 unicorn horn h - an uncursed magic whistle s - an uncursed sack t - an uncursed towel D - a +0 unicorn horn I - an uncursed stethoscope Q - a can of grease (0:17) V - an uncursed oil lamp (0:54) Gems n - 4 uncursed worthless pieces of yellowish brown glass J - an uncursed luckstone Contents of the sack: 55 gold pieces a cursed ring of hunger named sink an uncursed ring of shock resistance named sink a wand of make invisible (0:6) a wand of secret door detection (0:13) a +0 pick-axe Spells and supernatural/magical abilities: Name Level Category Fail Memory a - force bolt 1 attack 0% 31% l - light 1 divination 0% 76% m - magic missile 2 attack 0% 76% u - confuse monster 2 enchantment 0% 31% w - wizard lock 2 matter 0% 83% E - detect food 2 divination 0% 82% H - haste self 3 escape 63% 93% O - create monster 2 clerical 0% 99% W - pray for help -- divine ? -- Your skills at the end: Miscellaneous Skills wands [Basic] Weapon Skills quarterstaff [Basic] Spellcasting Skills attack spells [Expert] enchantment spells [Basic] Final Attributes: You had sinned. You were fire resistant. You were poison resistant. You were magic-protected. You were blinded. You were stealthy. You were fast. You were very lucky. You had extra luck. Bad luck did not time out for you. Good luck did not time out for you. You are dead. Vanquished creatures: a watch captain 2 giant mimics 4 large mimics an earth elemental 3 hill giants a giant zombie a sergeant a warg a wood golem a pyrolisk a large dog a shocking sphere a dwarf king a gelatinous cube an ochre jelly 4 chameleons 2 crocodiles 5 giants a human mummy 3 watchmen 2 cockatrices 8 wolves 4 leprechauns a spotted jelly 2 lizards 2 giant spiders 2 iron piercers an ice vortex a black light a vampire bat 4 gnome kings an orc mummy 2 Green-elves a chickatrice a housecat a jaguar 2 dwarf lords 2 blue jellies 2 water nymphs 2 white unicorns a raven a gnome mummy 2 apes a human zombie a fire ant a bugbear an imp 2 wood nymphs 2 Mordor orcs an orc shaman a rock mole 2 rock piercers a pony 3 fog clouds 2 violet fungi 18 gnome lords 7 gnomish wizards a kobold mummy a red naga hatchling a golden naga hatchling a guardian naga hatchling 2 gray oozes 4 elf zombies a ghoul a paper golem 3 giant ants 9 floating eyes a kitten 27 dwarves 4 homunculi 2 kobold shamans 2 iguanas 8 rothes 5 rabid rats 4 centipedes a monkey 2 orc zombies 2 wererats a werejackal 5 killer bees 8 coyotes 5 hobbits 4 acid blobs 7 geckos 3 hobgoblins 2 giant rats a cave spider a brown mold 2 green molds 2 red molds 77 gnomes 11 garter snakes 2 gnome zombies 17 jackals 8 foxes 3 kobolds 13 newts 3 goblins 14 sewer rats 15 grid bugs 14 lichens 4 kobold zombies 429 creatures vanquished. Voluntary challenges: You had been an atheist until turn 8598. You used a wielded weapon 181 times, starting on turn 120. You read items or engraved 34 times, starting on turn 3272. You never genocided any monsters. You never polymorphed an object. You never changed form. You completed Sokoban on turn 7422, according to the rules. You used no wishes. You never split a pudding. You never wrote Elbereth's name. You violated your moral code, losing 28 points of alignment, starting on turn 2935. Dungeon overview: The Dungeons of Doom: levels 1 to 7 Level 1 a fountain a long staircase Level 2 (statue) Level 3 (statue and locked box) a general store, a fountain Level 4 some fountains stairs to The Gnomish Mines Level 5 many fountains Level 6 stairs to Sokoban Level 7 The Gnomish Mines: levels 5 to 13 Level 5 stairs to The Dungeons of Doom Level 6 Level 7 (locked chest + in shop) <- You were here many shops, a temple to Thoth, a magic chest, some fountains Level 8 Level 9 Level 10 Level 11 Level 12 Level 13 a magic chest, a fountain Sokoban: levels 2 to 5 Level 2 a magic chest Level 3 Level 4 Level 5 a magic chest stairs to The Dungeons of Doom History has recorded: On T:1 you entered the Dungeons of Doom to retrieve the Amulet of Yendor! On T:515 you reached level 2 of The Dungeons of Doom. On T:543 you reached level 3 of The Dungeons of Doom. On T:700 you advanced to experience level 2. On T:996 you advanced to experience level 3. On T:1509 you reached level 4 of The Dungeons of Doom. On T:1615 you advanced to experience level 4. On T:1911 you reached level 5 of The Dungeons of Doom. On T:2251 you reached level 1 of The Gnomish Mines. On T:2582 you advanced to experience level 5. On T:3133 you reached level 6 of The Dungeons of Doom. On T:4150 you advanced to experience level 6. On T:4214 you reached level 4 of Sokoban. On T:4606 you opened a magic chest. On T:4686 you reached level 7 of The Dungeons of Doom. On T:4772 you opened a magic chest. On T:4999 you opened a magic chest. On T:5022 you reached level 3 of Sokoban. On T:5783 you advanced to experience level 7. On T:5788 you reached level 2 of Sokoban. On T:6291 you reached level 1 of Sokoban. On T:7422 you advanced to experience level 8. On T:7422 you entered the Sokoban zoo. On T:7494 you opened a magic chest. On T:7543 you opened a magic chest. On T:7917 you opened a magic chest. On T:8202 you reached level 2 of The Gnomish Mines. On T:8412 you reached level 3 of The Gnomish Mines. On T:8954 you entered the Minetown temple On T:8986 you opened a magic chest. On T:8987 you opened a magic chest. On T:8988 you opened a magic chest. On T:9002 you opened a magic chest. On T:9005 you opened a magic chest. On T:9005 you opened a magic chest. On T:9010 you opened a magic chest. On T:9011 you opened a magic chest. On T:9017 you opened a magic chest. On T:9018 you opened a magic chest. On T:9035 you opened a magic chest. On T:9037 you opened a magic chest. On T:9038 you opened a magic chest. On T:9045 you opened a magic chest. On T:9058 you opened a magic chest. On T:9058 you opened a magic chest. On T:9058 you opened a magic chest. On T:9063 you opened a magic chest. On T:9077 you opened a magic chest. On T:9201 you reached level 4 of The Gnomish Mines. On T:9615 you opened a magic chest. On T:9617 you opened a magic chest. On T:9618 you opened a magic chest. On T:9791 you advanced to experience level 9. On T:9809 you reached level 5 of The Gnomish Mines. On T:10359 you opened a magic chest. On T:10363 you opened a magic chest. On T:10364 you opened a magic chest. On T:10365 you opened a magic chest. On T:10369 you opened a magic chest. On T:10370 you opened a magic chest. On T:10370 you opened a magic chest. On T:10373 you opened a magic chest. On T:10385 you opened a magic chest. On T:10497 you opened a magic chest. On T:10568 you reached level 6 of The Gnomish Mines. On T:11123 you reached level 7 of The Gnomish Mines. On T:11531 you opened a magic chest. On T:11532 you opened a magic chest. On T:11533 you opened a magic chest. On T:11534 you opened a magic chest. On T:11775 you reached level 8 of The Gnomish Mines. On T:12311 you reached level 9 of The Gnomish Mines. On T:12311 you reached the bottom of the Mines. On T:12524 you opened a magic chest. On T:12530 you opened a magic chest. On T:12531 you opened a magic chest. On T:12533 you opened a magic chest. On T:12748 you opened a magic chest. On T:12775 you opened a magic chest. On T:12944 you advanced to experience level 10. On T:13416 you opened a magic chest. On T:13644 you opened a magic chest. On T:13644 you opened a magic chest. On T:13654 you opened a magic chest. On T:13655 you opened a magic chest. On T:13910 you opened a magic chest. Score breakdown: Gold: 55 ( 5 points) Experience: 10 levels ( 900 points) Exploration: 13 levels ( 360 points) Discoveries: 31 items ( 1550 points) Variety of kills: 102 monsters ( 2000 points) Major goal: Sokoban/Mines ( 1500 points) Survival: died (score multiplied by 3) Total score: 18945 Latest messages: The bolt of lightning hits you! Your wand of striking breaks apart and explodes! Your wand of digging breaks apart and explodes! You are blinded by the flash! The magic missile hits it. You hear the priestess of Thoth reading a scroll labeled PRATYAVAYAH. (You can name a scroll labeled PRATYAVAYAH from the item naming menu.) Something kicks! Something casts a spell at you! You stiffen briefly. You can move again. Thoth roars: "Thou dost profane my shrine!" The bolt of lightning hits you! (2x) You die... Final status: Goodbye woodfighter the Wizard, killed by a bolt of lightning... You died in The Gnomish Mines on dungeon level 7 with 18945 points, and 55 pieces of gold, after 13969 moves. You were level 10 with a maximum of 76 hit points when you died.